 Dungeon Crawl Stone Soup version 0.31-a0-1178-gc5c9b8f871 (webtiles) character file.

Game seed: 13934991699614382784

24 ytrimaz the Shield-Bearer (level 2, 0/24 HPs)
             Began as a Demonspawn Fighter on Dec 11, 2023.
             Slain by Sigmund
             ... wielding a +0 scythe
              (5 damage)
             ... on level 2 of the Dungeon.
             The game lasted 00:00:58 (831 turns).

ytrimaz the Shield-Bearer (Demonspawn Fighter)       Turns: 831, Time: 00:00:59

Health: 0/24       AC:  6    Str: 16    XL:     2   Next: 79%
Magic:  2/2        EV:  8    Int:  8    God:
Gold:   49         SH:  4    Dex: 12    Spells: 1/1 levels left

rFire   . . .        a - +0 war axe
rCold   + . .        c - +0 buckler
rNeg    . . .        b - +0 scale mail
rPois   .            (no helmet)
rElec   .            (no cloak)
rCorr   .            (no gloves)
SInv    .            (no boots)
Will    .....        (no amulet) Stlth
                     (no ring)
HPRegen 0.24/turn    (no ring)
MPRegen 0.08/turn

%: clarity
@: mighty
A: powered by pain 1, clarity, cold resistance 1
a: no special abilities


You were on level 2 of the Dungeon.
You visited 1 branch of the dungeon, and saw 2 of its levels.

You collected 49 gold pieces.


Innate Abilities, Weirdness & Mutations

You sometimes gain a little power by taking damage.
You possess an exceptional clarity of mind.
Your flesh is cold resistant. (rC+)


   Skills:
 - Level 3.0 Fighting
 + Level 2.5 Axes
 - Level 2.6 Armour
 + Level 3.2 Shields


You had one spell level left.
You didn't know any spells.
Your spell library was empty.

Inventory:

Hand Weapons
 a - a +0 war axe (weapon)
Armour
 b - a +0 scale mail (worn)
 c - a +0 buckler (worn)
Scrolls
 e - 2 scrolls of identify {unknown}
 g - a scroll of fear {unknown}
 i - a scroll of summoning {unknown}
 j - a scroll of enchant armour {unknown}
 k - a scroll of teleportation {unknown}
 l - a scroll of torment {unknown}

Dungeon Overview and Level Annotations

Branches:
Dungeon (2/15) Zot: 11139

Altars:

Annotations:
D:2 Sigmund

..# #.# #.# #.. .#.. #.#
.#.# ########.# P.#.#
#....[..{# ..#.# #.#
#@#...#.# ### #.#
#.#####.# .P# #.#
#.......# . #.#
#.#######
#########.######.#..P...
..............##.# ..P.P
#########.###.##.# .P...
#.# #.##.####### #####
#.###.##...##..# #...


There were no monsters in sight!


Message History

The kobold shouts!
The kobold throws a stone.
The stone closely misses you.
A quokka comes into view.
There are monsters nearby!
There are monsters nearby!
You barely miss the kobold.
The kobold hits you but does no damage. x2
There are monsters nearby!
You hit the kobold. The kobold barely misses you.
You closely miss the kobold. You block the kobold's attack.
The kobold barely misses you.
You hit the kobold.
You kill the kobold!
The quokka barely misses you.
You hit the quokka. The quokka bites you.
You barely miss the quokka.
The quokka bites you but does no damage.
The quokka bites you. 😮 HP[-7]
You take 7 damage, and now have 17/24 hp.
MASSIVE DAMAGE!! (PAUSE)
You barely miss the quokka. The quokka closely misses you.
You are too injured to fight recklessly!
You miss the quokka. The quokka bites you.
You block the quokka's attack. 😮 HP[-2]
You take 2 damage, and now have 15/24 hp.
You are too injured to fight recklessly!
Unknown command.
You barely miss the quokka. The quokka barely misses you.
The quokka bites you but does no damage.
You are too injured to fight recklessly!
You hit the quokka.
You kill the quokka!
Things that are here:
a +0 dagger; 2 stones; a quokka corpse You are too injured to fight recklessly!
l - a scroll labelled JUIMUS WIGYA 😎 HP[+9]
Your hp is fully restored (24).
Things that are here:
a +0 dagger; 2 stones; a quokka corpse Key pressed, stopping explore.
Key pressed, stopping explore.
Found a stone staircase leading down.
No target in view!
Key pressed, stopping explore.
No target in view!
No target in view!
There is a stone staircase leading down here.
Key pressed, stopping explore.
No target in view!
You enter the shallow water.
Moving in this stuff is going to be slow.
Key pressed, stopping explore.
No target in view!
You see here 5 silver javelins.
Sigmund the Dreaded comes into view.
He is wielding a +0 scythe.
Sigmund shouts!
Sigmund casts a spell at you. You resist with significant effort.
Sigmund points at you and mumbles some strange words.
You are confused.
Unknown command.
You bump into the rock wall.
Sigmund closely misses you.
Unknown command.
Sigmund hits you with a +0 scythe. 😮 HP[-6]
You take 6 damage, and now have 18/24 hp.
MASSIVE DAMAGE!! (PAUSE) Unknown command.
It was a potion of mutation.
You feel extremely strange.
You feel resistant to cold.
Your thoughts seem clearer.
It was a potion of curing.
You feel better. Sigmund barely misses you. 😕 HP[+5]
You regained 5 hp, and now have 23/24 hp.
You closely miss Sigmund.
Sigmund mumbles some strange words.
Sigmund flickers and vanishes!
Deactivating autopickup; reactivate with Ctrl-A. 😎 HP[+1]
Your hp is fully restored (24).
You miss something. Something hits you! 😮 HP[-7]
You take 7 damage, and now have 17/24 hp.
MASSIVE DAMAGE!! (PAUSE)
You hit something. Something hits you. 😮 HP[-1]
You take 1 damage, and now have 16/24 hp.
You completely miss something. Something hits you.
* * * LOW HITPOINT WARNING * * *
😨 HP[-4]
You take 4 damage, and now have 12/24 hp.
Unknown command.
You feel very mighty all of a sudden. Something hits you!
* * * LOW HITPOINT WARNING * * *
😱 HP[-7]
You take 7 damage, and now have 5/24 hp.
MASSIVE DAMAGE!! (PAUSE)
You closely miss something. Something hits you.
You die...

Skill      XL: |  1 |
---------------+----+-----
Axes           | 2 |  2.5
Shields        | 3 |  3.2
Fighting       | |  3.0
Armour         | |  2.6

Action                     || total
---------------------------++-------
  Melee: War axe           ||    64
    Use: Potion            ||     3
 Armour: Scale mail        ||    49
  Dodge: Dodged            ||    31
  Block: Buckler           ||    14

Levels and vault maps discovered:
D:1:      eino_arrival_water_cross, layout_loops_ring, minmay_lizard_pond
D:2:      layout_loops_ring, serial_aquarium, aquarium_bridge_long_joined
          [aquarium_subvault_balcony, aquarium_subvault_wall,
          aquarium_subvault_bridge, aquarium_subvault_bridge,
          aquarium_subvault_bridge, aquarium_subvault_balcony],
          aquarium_window_1, aquarium_window_1, aquarium_view_2c,
          aquarium_view_2f, aquarium_balcony_5b, serial_park_tiny_1, hex_large,
          hangedman_decor_peaks_small, hangedman_feature_mirror,
          minmay_crystal_water, uniq_sigmund, uniq_robin

Notes
Turn   | Place    | Note
-------+----------+-------------------------------------------
     0 | D:1      | ytrimaz the Demonspawn Fighter began the quest for the Orb.
     0 | D:1      | Reached XP level 1. HP: 18/18 MP: 1/1
     0 | D:1      | magus.rc [v1.9.6]
    97 | D:1      | Reached skill level 2 in Axes
   181 | D:1      | Reached skill level 3 in Shields
   204 | D:1      | Gained mutation: You sometimes gain a little power by
                  | taking damage. [demonic ancestry]
   204 | D:1      | Reached XP level 2. HP: 22/24 MP: 2/2
   818 | D:2      | Noticed Sigmund
   824 | D:2      | Gained mutation: Your flesh is cold resistant. (rC+)
                  | [potion of mutation]
   824 | D:2      | Gained mutation: You possess an exceptional clarity of
                  | mind. [potion of mutation]
   830 | D:2      | HP: 5/24 [something (7)]
   831 | D:2      | Slain by Sigmund

Vanquished Creatures
  3 endoplasms (D:1)
  A giant cockroach (D:1)
  3 hobgoblins
  3 quokkas
  3 ball pythons (D:1)
  A bat (D:1)
  6 frilled lizards (D:1)
  2 kobolds
  2 rats (D:1)
24 creatures vanquished.

Table legend:
 A = Non-vault XP
 B = Vault XP
 C = Vault XP percentage of total XP
 D = Non-vault monster count
 E = Vault monster count
 F = Vault count percentage of total count
                 A         B        C        D         E       F
            +---------+---------+-------+---------+---------+-------
      Total |      31 |       4 |  11.4 |      20 |       4 |  16.7
            +---------+---------+-------+---------+---------+-------
        D:1 |      23 |       4 |  14.8 |      16 |       4 |  20.0
        D:2 |       8 |       0 |   0.0 |       4 |       0 |   0.0
            +---------+---------+-------+---------+---------+-------

Skill      XL: |  1 |
---------------+----+-----
Axes           | 2 |  2.5
Shields        | 3 |  3.2
Fighting       | |  3.0
Armour         | |  2.6

Action                     || total
---------------------------++-------
  Melee: War axe           ||    64
    Use: Potion            ||     3
 Armour: Scale mail        ||    49
  Dodge: Dodged            ||    31
  Block: Buckler           ||    14

Illustrated notes

Table legend:
 A = Kills in this place as a percentage of kills in the entire game.
 B = Kills by you in this place as a percentage of kills by you in the entire game.
 C = Kills by friends in this place as a percentage of kills by friends in the entire game.
 D = Other kills in this place as a percentage of other kills in the entire game.
 E = Experience gained in this place as a percentage of experience gained in the entire game.
 F = Experience gained in this place divided by the number of levels of this place that you have seen.
                   A       B       C       D       E      F
               +-------+-------+-------+-------+-------+----------------------
         Total | 100.0 | 100.0 |   N/A |   N/A | 100.0 |  17.5
       Dungeon | 100.0 | 100.0 |   N/A |   N/A | 100.0 |  17.5
               +-------+-------+-------+-------+-------+----------------------

Table legend: (Time is in decaauts)
 A = Elapsed time spent in this place.
 B = Non-inter-level travel time spent in this place.
 C = Inter-level travel time spent in this place.
 D = Time resting spent in this place.
 E = Time spent auto-exploring this place.
 F = Levels seen in this place.
 G = Mean time per level.
                   A        B        C        D        E       F      G
               +--------+--------+--------+--------+--------+-----+--------+
         Total |    858 |    820 |     38 |      0 |    637 |   2 |  429.0 |
       Dungeon |    858 |    820 |     38 |      0 |    637 |   2 |  429.0 |
               +--------+--------+--------+--------+--------+-----+--------+

Top non-repeatable levels by time:
     D:1: 617 daAuts
     D:2: 241 daAuts
